| TOP OF THE 1ST |
|
Colon Scallywags batting - Pitching for Port-au-Prince Pirates : LHP John Hobbs
|
|
Pitching: LHP John Hobbs
|
|
|
Batting: RHB Johnnie LeMaster
|
0-0: Foul Ball, location: 2F 0-1: Ball 1-1: Bunt missed! 1-2: Ground out 5-3 (Groundball, 5L, EV 90.0 MPH)
|
|
Batting: LHB Daryl Sconiers
|
0-0: Swinging Strike 0-1: Swinging Strike 0-2: Strikes out swinging
|
|
Batting: SHB Willie McGee
|
0-0: Foul Ball, location: 2F 0-1: Ball 1-1: Ball 2-1: Foul Ball, location: 2F 2-2: Strikes out swinging
|
| Top of the 1st over - 0 runs, 0 hits, 0 errors, 0 left on base; Colon 0 - Port-au-Prince 0 |
| BOTTOM OF THE 1ST |
|
Port-au-Prince Pirates batting - Pitching for Colon Scallywags : RHP Andrew Castillo
|
|
Pitching: RHP Andrew Castillo
|
|
|
Batting: RHB Julio Acevedo
|
0-0: Ball 1-0: Foul Ball, location: 2F 1-1: Foul Ball, location: 2F 1-2: Ground out 4-3 (Groundball, 4M, EV 87.5 MPH)
|
|
Batting: RHB Shooty Babitt
|
0-0: Called Strike 0-1: Foul Ball, location: 2F 0-2: Ball 1-2: Strikes out swinging
|
|
Batting: RHB Reginald Coleman
|
0-0: Called Strike 0-1: Foul Ball, location: 2F 0-2: Ball 1-2: Ball 2-2: Foul Ball, location: 2F 2-2: Ground out 1-3 (Groundball, 15, EV 75.0 MPH)
|
| Bottom of the 1st over - 0 runs, 0 hits, 0 errors, 0 left on base; Colon 0 - Port-au-Prince 0 |
| TOP OF THE 2ND |
|
Colon Scallywags batting - Pitching for Port-au-Prince Pirates : LHP John Hobbs
|
|
Batting: RHB Gerry Davis
|
0-0: Called Strike 0-1: Ball 1-1: Ground out 4-3 (Groundball, 6MS, EV 91.9 MPH)
|
|
Batting: LHB Bruce Bochte
|
0-0: SINGLE (Groundball, 4MD, EV 108.1 MPH)
|
|
Batting: RHB Dennis Werth
|
0-0: Ball 1-0: Called Strike 1-1: Ball 2-1: Foul Ball, location: 2F 2-2: Foul Ball, location: 2F 2-2: Foul Ball, location: 2F 2-2: Foul Ball, location: 2F 2-2: Ball 3-2: Foul Ball, location: 2LF, Error on foul ball, E2 3-2: Fly out, F3 (Popup, 23F, EV 88.8 MPH)
|
|
Batting: RHB Pat Casey
|
0-0: Ball 1-0: Foul Ball, location: 2F 1-1: Swinging Strike 1-2: Strikes out looking
|
| Top of the 2nd over - 0 runs, 1 hit, 1 error, 1 left on base; Colon 0 - Port-au-Prince 0 |
| BOTTOM OF THE 2ND |
|
Port-au-Prince Pirates batting - Pitching for Colon Scallywags : RHP Andrew Castillo
|
|
Batting: RHB Tito Landrum
|
0-0: Ball 1-0: Swinging Strike 1-1: Called Strike 1-2: Ball 2-2: Strikes out looking
|
|
Batting: RHB Glenn Robertson
|
0-0: Called Strike 0-1: Called Strike 0-2: Strikes out swinging, 2-3 out at first.
|
|
Batting: RHB Jack Sauer
|
0-0: Called Strike 0-1: Ball 1-1: Ground out 6-3 (Groundball, 6, EV 80.6 MPH)
|
| Bottom of the 2nd over - 0 runs, 0 hits, 0 errors, 0 left on base; Colon 0 - Port-au-Prince 0 |
| TOP OF THE 3RD |
|
Colon Scallywags batting - Pitching for Port-au-Prince Pirates : LHP John Hobbs
|
|
Batting: SHB Biff Pocoroba
|
0-0: SINGLE (Line Drive, 6M, EV 108.8 MPH)
|
|
Batting: LHB Garcia Gutierrez
|
0-0: Ball 1-0: Foul Ball, location: 2F 1-1: Ball 2-1: Ball 3-1: Base on Balls Biff Pocoroba to second
|
|
Batting: RHB Johnnie LeMaster
|
0-0: Ball 1-0: Ball 2-0: SINGLE (Flyball, 7LS, EV 92.5 MPH) Biff Pocoroba to third Garcia Gutierrez to second Runner from 3rd tries for Home, SAFE, throw by LF to home
|
|
Batting: LHB Daryl Sconiers
|
0-0: Ball 1-0: Ball 2-0: Ball 3-0: Called Strike 3-1: Base on Balls Garcia Gutierrez to third Johnnie LeMaster to second
|
|
Batting: SHB Willie McGee
|
0-0: Called Strike 0-1: Ball 1-1: Ball 2-1: Foul Ball, location: 2F 2-2: Strikes out swinging
|
|
Batting: RHB Gerry Davis
|
0-0: Ball 1-0: Called Strike 1-1: Swinging Strike 1-2: Strikes out swinging
|
|
Batting: LHB Bruce Bochte
|
0-0: Ball 1-0: Called Strike 1-1: Ball 2-1: Fielders Choice at 2nd, 6-4 (Groundball, 6, EV 99.4 MPH)
|
| Top of the 3rd over - 1 run, 2 hits, 0 errors, 3 left on base; Colon 1 - Port-au-Prince 0 |
| BOTTOM OF THE 3RD |
|
Port-au-Prince Pirates batting - Pitching for Colon Scallywags : RHP Andrew Castillo
|
|
Batting: RHB Takashi Upshur
|
0-0: Swinging Strike 0-1: Called Strike 0-2: Strikes out swinging
|
|
Batting: RHB Gordy Hodgson
|
0-0: Ball 1-0: Foul Ball, location: 2F 1-1: Ball 2-1: Ball 3-1: Fly out, F8 (Flyball, 8RS, EV 84.4 MPH)
|
|
Batting: RHB LeRoy Robbins
|
0-0: Foul Ball, location: 2F 0-1: Ball 1-1: Ball 2-1: Foul Ball, location: 2F 2-2: Ball 3-2: Strikes out swinging
|
| Bottom of the 3rd over - 0 runs, 0 hits, 0 errors, 0 left on base; Colon 1 - Port-au-Prince 0 |
| TOP OF THE 4TH |
|
Colon Scallywags batting - Pitching for Port-au-Prince Pirates : LHP John Hobbs
|
|
Batting: RHB Dennis Werth
|
0-0: Ball 1-0: Foul Ball, location: 2F 1-1: Ball 2-1: Ball 3-1: Called Strike 3-2: Ground out 6-3 (Groundball, 6, EV 107.5 MPH)
|
|
Batting: RHB Pat Casey
|
0-0: Foul Ball, location: 2F 0-1: Ball 1-1: Ball 2-1: Foul Ball, location: 2F 2-2: SINGLE (Groundball, 56D, EV 108.8 MPH)
|
|
Batting: SHB Biff Pocoroba
|
0-0: Called Strike 0-1: Ground out 5-3 (Groundball, 56S, EV 84.4 MPH) Pat Casey to second
|
|
Batting: LHB Garcia Gutierrez
|
0-0: Called Strike Balk! Pat Casey to third 0-1: Ball 1-1: Ball 2-1: SINGLE (Groundball, 6MD, EV 104.4 MPH) Pat Casey scores
|
|
Batting: RHB Johnnie LeMaster
|
0-0: Called Strike 0-1: Ball 1-1: Ground out 4-3 (Groundball, 4, EV 81.9 MPH)
|
| Top of the 4th over - 1 run, 2 hits, 0 errors, 1 left on base; Colon 2 - Port-au-Prince 0 |
| BOTTOM OF THE 4TH |
|
Port-au-Prince Pirates batting - Pitching for Colon Scallywags : RHP Andrew Castillo
|
|
Batting: RHB Julio Acevedo
|
0-0: Called Strike 0-1: Ball 1-1: Foul Ball, location: 2F 1-2: Foul Ball, location: 2F 1-2: Ground out 1-3 (Groundball, P, EV 88.8 MPH)
|
|
Batting: RHB Shooty Babitt
|
0-0: Called Strike 0-1: Called Strike 0-2: Ground out U3 (Groundball, 3, EV 85.6 MPH)
|
|
Batting: RHB Reginald Coleman
|
0-0: Foul Ball, location: 2F 0-1: Foul Ball, location: 2F 0-2: Foul Ball, location: 2F 0-2: Ball 1-2: Ball 2-2: Strikes out swinging
|
| Bottom of the 4th over - 0 runs, 0 hits, 0 errors, 0 left on base; Colon 2 - Port-au-Prince 0 |
| TOP OF THE 5TH |
|
Colon Scallywags batting - Pitching for Port-au-Prince Pirates : LHP John Hobbs
|
|
Batting: LHB Daryl Sconiers
|
0-0: Ball 1-0: Ball 2-0: Ball 3-0: Base on Balls
|
|
Batting: SHB Willie McGee
|
0-0: Called Strike 0-1: Ball 1-1: Fielders Choice at 2nd, 6-4 (Groundball, 6, EV 99.4 MPH)
|
|
Batting: RHB Gerry Davis
|
0-0: Foul Ball, location: 2F 0-1: SINGLE (Line Drive, 3D, EV 95.0 MPH) Willie McGee to second Runner from 2nd tries for 3rd, SAFE, throw by RF made to third
|
|
Batting: LHB Bruce Bochte
|
0-0: Ball 1-0: Ball 2-0: Called Strike 2-1: Ball 3-1: SINGLE (Flyball, 78M, EV 85.0 MPH) Willie McGee scores Gerry Davis to second Runner from 2nd tries for 3rd, SAFE, throw by LF made to third
|
|
Batting: RHB Dennis Werth
|
0-0: Ball 1-0: Ball 2-0: Ball 3-0: Called Strike 3-1: Called Strike 3-2: Base on Balls Bruce Bochte to second
|
|
Batting: RHB Pat Casey
|
0-0: Ball 1-0: Ball 2-0: Called Strike 2-1: Fielders Choice at 2nd, 3-6 (Groundball, 34, EV 101.9 MPH) Gerry Davis scores Bruce Bochte to third
|
|
Pitching: RHP Sam Bryan
|
|
|
Batting: SHB Biff Pocoroba
|
0-0: Called Strike 0-1: Foul Ball, location: 2F 0-2: Fly out, F8 (Flyball, 8LM, EV 87.5 MPH)
|
| Top of the 5th over - 2 runs, 2 hits, 0 errors, 2 left on base; Colon 4 - Port-au-Prince 0 |
| BOTTOM OF THE 5TH |
|
Port-au-Prince Pirates batting - Pitching for Colon Scallywags : RHP Andrew Castillo
|
|
Batting: RHB Tito Landrum
|
0-0: Ball 1-0: Ball 2-0: Called Strike 2-1: Foul Ball, location: 2F 2-2: Strikes out swinging
|
|
Batting: RHB Glenn Robertson
|
0-0: Called Strike 0-1: Foul Ball, location: 2F 0-2: Ball 1-2: Fly out, F8 (Flyball, 78D, EV 91.9 MPH)
|
|
Batting: RHB Jack Sauer
|
0-0: Called Strike 0-1: Ball 1-1: Foul Ball, location: 2F 1-2: Ball 2-2: Ball 3-2: Foul Ball, location: 2F 3-2: Base on Balls
|
|
Batting: RHB Takashi Upshur
|
0-0: Ball 1-0: Ball 2-0: Called Strike 2-1: Called Strike 2-2: Strikes out swinging
|
| Bottom of the 5th over - 0 runs, 0 hits, 0 errors, 1 left on base; Colon 4 - Port-au-Prince 0 |
| TOP OF THE 6TH |
|
Colon Scallywags batting - Pitching for Port-au-Prince Pirates : RHP Sam Bryan
|
|
Batting: LHB Garcia Gutierrez
|
0-0: SINGLE (Line Drive, 5D, EV 94.4 MPH)
|
|
Batting: RHB Johnnie LeMaster
|
0-0: Ball 1-0: Called Strike 1-1: Ball 2-1: Called Strike 2-2: SINGLE (Groundball, 6MD, EV 100.0 MPH) Garcia Gutierrez to second Runner from 2nd tries for 3rd, SAFE, no throw by CF
|
|
Batting: LHB Daryl Sconiers
|
0-0: Ball 1-0: Fly out, F8 (Flyball, 8RS, EV 95.6 MPH)
|
|
Batting: SHB Willie McGee
|
0-0: Called Strike 0-1: Ball 1-1: Fly out, F7 (Flyball, 7LSF, EV 98.1 MPH) Runner from 3rd tags up, SCORES, no throw by LF
|
|
Batting: RHB Gerry Davis
|
0-0: Called Strike 0-1: Ground out 5-3 (Groundball, 56S, EV 81.3 MPH)
|
| Top of the 6th over - 1 run, 2 hits, 0 errors, 1 left on base; Colon 5 - Port-au-Prince 0 |
| BOTTOM OF THE 6TH |
|
Port-au-Prince Pirates batting - Pitching for Colon Scallywags : RHP Andrew Castillo
|
|
Batting: RHB Gordy Hodgson
|
0-0: Called Strike 0-1: Called Strike 0-2: Strikes out looking
|
|
Batting: RHB LeRoy Robbins
|
0-0: Ball 1-0: Swinging Strike 1-1: Foul Ball, location: 2F 1-2: Ball 2-2: Strikes out looking
|
|
Batting: RHB Julio Acevedo
|
0-0: Called Strike 0-1: Ball 1-1: Foul Ball, location: 2F 1-2: Ground out 5-3 (Groundball, 56S, EV 76.9 MPH)
|
| Bottom of the 6th over - 0 runs, 0 hits, 0 errors, 0 left on base; Colon 5 - Port-au-Prince 0 |
| TOP OF THE 7TH |
|
Colon Scallywags batting - Pitching for Port-au-Prince Pirates : RHP Sam Bryan
|
|
Batting: LHB Bruce Bochte
|
0-0: Ball 1-0: Swinging Strike 1-1: Ball 2-1: Ball 3-1: DOUBLE (Flyball, 78D, EV 93.1 MPH)
|
|
Batting: RHB Dennis Werth
|
0-0: Called Strike 0-1: Ball 1-1: Ball 2-1: Foul Ball, location: 2F 2-2: Foul Ball, location: 2F 2-2: Strikes out looking
|
|
Pitching: RHP Robert Crimian
|
|
|
Batting: RHB Pat Casey
|
0-0: Ball 1-0: Ball 2-0: Ball 3-0: Base on Balls
|
|
Batting: SHB Biff Pocoroba
|
0-0: Ball 1-0: Ball 2-0: Ball 3-0: Base on Balls Bruce Bochte to third Pat Casey to second
|
|
Batting: LHB Garcia Gutierrez
|
0-0: Ball 1-0: Foul Ball, location: 2F 1-1: Ball 2-1: Foul Ball, location: 2F 2-2: Ball 3-2: Base on Balls Bruce Bochte scores Pat Casey to third Biff Pocoroba to second
|
|
Batting: RHB Johnnie LeMaster
|
0-0: Ball 1-0: Foul Ball, location: 2F 1-1: Swinging Strike 1-2: Foul Ball, location: 2F 1-2: Ball 2-2: Ball 3-2: Base on Balls Pat Casey scores Biff Pocoroba to third Garcia Gutierrez to second
|
|
Batting: LHB Daryl Sconiers
|
0-0: Fly out, F9 (Line Drive, 9, EV 102.5 MPH) Runner from 3rd tags up, SCORES, throw by RF Garcia Gutierrez to third
|
|
Batting: SHB Willie McGee
|
0-0: Called Strike 0-1: Ball 1-1: Foul Ball, location: 2F 1-2: Ball 2-2: SINGLE (Groundball, 56, EV 76.9 MPH) (infield hit) Garcia Gutierrez scores Johnnie LeMaster to second
|
|
Batting: RHB Gerry Davis
|
0-0: Ball 1-0: Swinging Strike 1-1: Ball 2-1: Ball 3-1: Foul Ball, location: 2F 3-2: Base on Balls Johnnie LeMaster to third Willie McGee to second
|
|
Pitching: RHP Peter Garrity
|
|
|
Batting: LHB Bruce Bochte
|
0-0: Called Strike 0-1: Ball 1-1: Swinging Strike 1-2: Ball 2-2: Strikes out swinging
|
| Top of the 7th over - 4 runs, 2 hits, 0 errors, 3 left on base; Colon 9 - Port-au-Prince 0 |
| BOTTOM OF THE 7TH |
|
Port-au-Prince Pirates batting - Pitching for Colon Scallywags : RHP Andrew Castillo
|
|
Batting: RHB Shooty Babitt
|
0-0: Ball 1-0: Ball 2-0: Foul Ball, location: 2F 2-1: Ball 3-1: Foul Ball, location: 2F 3-2: Foul Ball, location: 2F 3-2: Ground out 6-3 (Groundball, 6, EV 105.6 MPH)
|
|
Pinch Hitting: SHB Larry Doby
|
0-0: Ball 1-0: Called Strike 1-1: Ball 2-1: Swinging Strike 2-2: Foul Ball, location: 2F 2-2: Strikes out swinging
|
|
Batting: RHB Tito Landrum
|
0-0: Ball 1-0: SINGLE (Line Drive, 6MD, EV 98.1 MPH)
|
|
Batting: RHB Glenn Robertson
|
0-0: Called Strike Balk! Tito Landrum to second 0-1: Called Strike 0-2: Strikes out swinging
|
| Bottom of the 7th over - 0 runs, 1 hit, 0 errors, 1 left on base; Colon 9 - Port-au-Prince 0 |
| TOP OF THE 8TH |
|
Colon Scallywags batting - Pitching for Port-au-Prince Pirates : RHP Peter Garrity
|
|
Now at 1B: Andres Forbes
|
|
|
Batting: RHB Dennis Werth
|
0-0: Swinging Strike 0-1: Fly out, F8 (Line Drive, 8RM, EV 97.5 MPH)
|
|
Batting: RHB Pat Casey
|
0-0: Called Strike 0-1: Called Strike 0-2: Ball 1-2: Strikes out swinging
|
|
Batting: SHB Biff Pocoroba
|
0-0: Ball 1-0: Swinging Strike 1-1: Ball 2-1: Ball 3-1: Called Strike 3-2: Base on Balls
|
|
Batting: LHB Garcia Gutierrez
|
0-0: Fly out, F5 (Popup, 5SF, EV 83.8 MPH)
|
| Top of the 8th over - 0 runs, 0 hits, 0 errors, 1 left on base; Colon 9 - Port-au-Prince 0 |
| BOTTOM OF THE 8TH |
|
Port-au-Prince Pirates batting - Pitching for Colon Scallywags : RHP Andrew Castillo
|
|
Batting: RHB Jack Sauer
|
0-0: Ball 1-0: Called Strike 1-1: Fly out, F8 (Flyball, 8RD, EV 96.3 MPH)
|
|
Batting: RHB Takashi Upshur
|
0-0: Fly out, F8 (Flyball, 78D, EV 72.5 MPH)
|
|
Batting: RHB Gordy Hodgson
|
0-0: Ball 1-0: Ground out 4-3 (Groundball, 34, EV 82.5 MPH)
|
| Bottom of the 8th over - 0 runs, 0 hits, 0 errors, 0 left on base; Colon 9 - Port-au-Prince 0 |
| TOP OF THE 9TH |
|
Colon Scallywags batting - Pitching for Port-au-Prince Pirates : RHP Peter Garrity
|
|
Batting: RHB Johnnie LeMaster
|
0-0: Ball 1-0: Called Strike 1-1: Ball 2-1: Ball 3-1: Foul Ball, location: 2F 3-2: Base on Balls
|
|
Pitching: RHP Craig Burlingame
|
|
|
Batting: LHB Daryl Sconiers
|
0-0: Called Strike 0-1: Ball 1-1: Foul Ball, location: 2F 1-2: Strikes out looking
|
|
Batting: SHB Willie McGee
|
0-0: Reached on error, E5 (Groundball, 5, EV 86.3 MPH) Johnnie LeMaster to second
|
|
Batting: RHB Gerry Davis
|
0-0: Ball 1-0: Swinging Strike 1-1: Foul Ball, location: 2F 1-2: Ball 2-2: DOUBLE (Groundball, 5L, EV 100.6 MPH) Johnnie LeMaster scores Willie McGee to third
|
|
Batting: LHB Bruce Bochte
|
0-0: Ball 1-0: Ball 2-0: Foul Ball, location: 2F 2-1: Ball 3-1: Foul Ball, location: 2F 3-2: Foul Ball, location: 2F 3-2: Base on Balls
|
|
Batting: RHB Dennis Werth
|
0-0: Called Strike 0-1: SINGLE (Groundball, 56D, EV 96.3 MPH) Willie McGee scores Gerry Davis to third Bruce Bochte to second Runner from 3rd tries for Home, SAFE, throw by LF to home
|
|
Batting: RHB Pat Casey
|
0-0: Called Strike 0-1: Swinging Strike 0-2: Ball 1-2: Strikes out swinging
|
|
Batting: SHB Biff Pocoroba
|
0-0: Ball 1-0: Swinging Strike 1-1: Ball 2-1: Ball 3-1: Base on Balls Bruce Bochte to third Dennis Werth to second
|
|
Batting: LHB Garcia Gutierrez
|
0-0: Called Strike 0-1: SINGLE (Line Drive, 89M, EV 101.3 MPH) Bruce Bochte scores Dennis Werth to third Biff Pocoroba to second Runner from 3rd tries for Home, SAFE, throw by RF to home
|
|
Pitching: RHP Juan Delgado
|
|
|
Batting: RHB Johnnie LeMaster
|
0-0: Ball 1-0: Ball 2-0: Fly out, F7 (Flyball, 7LS, EV 86.3 MPH)
|
| Top of the 9th over - 5 runs, 3 hits, 1 error, 2 left on base; Colon 14 - Port-au-Prince 0 |
| BOTTOM OF THE 9TH |
|
Port-au-Prince Pirates batting - Pitching for Colon Scallywags : RHP Andrew Castillo
|
|
Batting: RHB LeRoy Robbins
|
0-0: Ball 1-0: Ground out 4-3 (Groundball, 4M, EV 86.3 MPH)
|
|
Batting: RHB Julio Acevedo
|
0-0: Swinging Strike 0-1: Foul Ball, location: 2F 0-2: Strikes out swinging
|
|
Batting: RHB Shooty Babitt
|
0-0: Called Strike 0-1: Ball 1-1: Ball 2-1: SINGLE (Line Drive, 7LS, EV 101.3 MPH)
|
|
Batting: RHB Andres Forbes
|
0-0: Ball 1-0: Fly out, F8 (Flyball, 8LM, EV 86.9 MPH)
|
| Bottom of the 9th over - 0 runs, 1 hit, 0 errors, 1 left on base; Colon 14 - Port-au-Prince 0 |
|